Map: Cyber Forest LE

Players

niskae - Winner!

  • Race: Zerg Zerg
  • League: Diamond
  • Spawn Location: 5:00

PeLLy

  • Race: Zerg Zerg
  • League: Diamond
  • Spawn Location: 11:00

VOD

Have the link to the VOD?

Description

Time

  • Played on: Aug. 18, 2019, 12:08 p.m.
  • Length: 23:20
Show
View Real Time Build Order
Export as new Build Order

niskae Zerg - Winner!

Build Orders: Hatch First, Lurkers 

Get SALT Encoding   

  12  0:03  Drone  
  13  0:16  Drone  
  14  0:22  Overlord  
  14  0:41  Drone  
  14  0:42  Drone x2  
  17  0:58  Hatchery  
  17  1:01  Extractor  
  17  1:03  Drone  
  16  1:05  Drone  
  17  1:15  Drone  
  18  1:25  Spawning Pool  
  17  1:32  Overlord  
  17  1:39  Drone  
  18  2:02  Hatchery  
  17  2:11  Metabolic Boost  
  17  2:15  Zergling x2  
  18  2:16  Zergling x2  
  19  2:26  Zergling x4  
  21  2:30  Zergling x2  
  21  2:33  Zergling x2  
  24  2:37  Zergling x2  
  24  2:44  Zergling x4  
  24  2:50  Zergling x2  
  27  2:54  Zergling x2  
  28  2:58  Zergling x2  
  28  3:04  Zergling x2  
  30  3:11  Zergling x2  
  31  3:16  Baneling Nest  
  29  3:36  Zergling x6  
  29  3:37  Zergling x4  
  33  3:51  Drone x4  
  31  4:06  Queen  
  33  4:14  Spine Crawler  
  33  4:16  Drone  
  33  4:21  Zergling x2  
  34  4:32  Drone x2  
  34  4:36  Drone x2  
  38  4:40  Drone x2  
  40  4:55  Drone, Roach Warren  
  40  4:58  Drone  
  41  5:00  Drone  
  42  5:13  Overlord  
  42  5:14  Overlord  
  42  5:20  Overlord  
  42  5:21  Overlord  
  42  5:28  Spine Crawler  
  41  5:30  Overlord  
  41  5:32  Overlord  
  41  5:38  Queen  
  43  5:43  Drone x2  
  43  5:47  Drone x2  
  47  5:57  Drone  
  47  6:00  Lair  
  48  6:09  Queen  
  50  6:15  Roach x4  
  58  6:23  Drone x2  
  60  6:32  Drone x3  
  63  6:33  Drone x4  
  63  6:35  Drone  
  67  6:48  Roach x5  
  77  6:59  Overlord x2  
  77  7:00  Roach x3  
  83  7:03  Glial Reconstitution  
  83  7:09  Extractor  
  82  7:16  Evolution Chamber  
  82  7:17  Evolution Chamber  
  82  7:19  Drone x3  
  82  7:20  Drone x3  
  86  7:24  Extractor  
  86  7:27  Extractor  
  84  7:34  Hydralisk Den  
  83  7:37  Roach x3  
  83  7:38  Roach x4  
  97  7:47  Extractor  
  96  7:58  Roach x2  
  96  7:59  Overlord x2, Roach x2  
  96  8:00  Overlord  
  104  8:23  Drone x11  
  115  8:29  Extractor  
  115  8:34  Lurker Den  
  113  8:35  Muscular Augments  
  113  9:00  Hydralisk x6  
  113  9:01  Hydralisk, Hatchery  
  126  9:12  Overlord  
  126  9:13  Overlord x2  
  126  9:21  Overlord x3  
  126  9:43  Hydralisk x5  
  126  9:44  Hydralisk  
  138  9:51  Overseer  
  138  10:01  Lurker  
  138  10:02  Lurker x6  
  145  10:09  Roach x3  
  145  10:10  Roach x2  
  155  10:23  Lurker  
  155  10:24  Lurker  
  157  10:32  Roach x4  
  157  10:33  Roach x4  
  167  11:04  Roach  
  167  11:05  Roach x3  
  171  11:22  Roach x2  
  175  11:33  Overlord x4  
  162  12:10  Roach  
  162  12:11  Roach x7  
  162  12:12  Roach  
  107  13:12  Roach  
  91  13:13  Roach x8  
  95  13:24  Lurker  
  95  13:25  Lurker  
  97  13:29  Hydralisk x3  
  78  13:57  Roach x6  
  78  13:58  Roach x3  
  87  14:12  Roach x3  
  88  14:23  Drone x3  
  85  14:26  Zerg Ground Armor Level 1, Zerg Missile Weapons Level 1  
  83  14:38  Spore Crawler  
  82  14:47  Hydralisk x3  
  82  14:48  Hydralisk x6  
  100  15:06  Hydralisk x3  
  100  15:07  Hydralisk x3  
  112  15:16  Drone x3  
  115  15:22  Queen  
  115  15:23  Queen  
  119  15:43  Lurker x3  
  119  15:44  Lurker x5  
  119  15:45  Lurker x5  
  132  15:50  Overseer  
  132  15:53  Drone x3  
  115  16:28  Hydralisk  
  115  16:29  Hydralisk x11  
  133  16:40  Hydralisk x3  
  129  17:22  Zergling x2  
  129  17:23  Zergling x16  
  129  17:26  Zerg Ground Armor Level 2, Zerg Missile Weapons Level 2  
  137  17:32  Infestation Pit  
  136  18:03  Hydralisk x4  
  106  18:31  Hydralisk x4  
  106  18:32  Hydralisk x5  
  121  18:55  Drone x5  
  121  18:56  Drone x3  
  127  19:02  Lurker  
  127  19:03  Lurker x6  
  127  19:04  Lurker x5  
  133  19:32  Hydralisk x5  
  143  19:50  Overseer x4  
  143  19:51  Overseer  
  143  19:59  Overlord x5  
  135  20:31  Roach x3  
  135  20:32  Roach x6  
  153  20:55  Roach  
  153  20:56  Roach x5  
  165  21:07  Hydralisk  
  165  21:08  Hydralisk x2  
  171  21:32  Hydralisk x2  
  175  21:43  Overlord x3  
  175  21:44  Overlord x2  
  175  22:15  Ravager x5  
  178  22:16  Ravager x5  
  178  22:17  Ravager x8  
  178  22:18  Ravager x4  
  178  22:19  Ravager  
Show
View Real Time Build Order
Export as new Build Order

PeLLy Zerg 

Build Orders: Hatch First 

Get SALT Encoding   

  12  0:00  Drone  
  13  0:13  Overlord  
  13  0:23  Drone  
  14  0:31  Drone  
  14  0:33  Drone  
  17  0:35  Drone  
  17  0:55  Hatchery  
  16  0:57  Drone  
  16  1:03  Drone  
  18  1:15  Spawning Pool  
  17  1:20  Drone, Extractor  
  17  1:24  Drone  
  19  1:30  Overlord  
  19  1:39  Drone  
  20  1:50  Drone  
  21  2:01  Drone  
  22  2:03  Queen  
  22  2:06  Queen  
  26  2:09  Drone  
  27  2:17  Drone  
  28  2:30  Hatchery  
  28  2:31  Drone x3  
  28  2:35  Drone  
  31  2:47  Drone x2  
  33  2:54  Extractor  
  33  2:55  Extractor  
  31  3:02  Evolution Chamber  
  30  3:05  Evolution Chamber  
  30  3:12  Roach Warren  
  28  3:16  Queen  
  30  3:26  Spine Crawler  
  30  3:27  Zergling x2  
  30  3:28  Zergling x10  
  26  3:52  Queen  
  30  4:01  Drone  
  30  4:02  Drone x5  
  31  4:14  Drone  
  31  4:15  Drone  
  33  4:26  Drone  
  33  4:27  Drone x2  
  33  4:30  Overlord x3  
  36  4:35  Spine Crawler  
  35  4:39  Lair  
  35  4:47  Baneling Nest  
  34  5:02  Roach x4  
  34  5:04  Drone  
  34  5:05  Drone x4  
  47  5:07  Extractor  
  46  5:19  Drone x2  
  48  5:33  Roach x2  
  52  5:40  Pneumatized Carapace  
  52  5:45  Zerg Missile Weapons Level 1  
  52  5:50  Extractor  
  52  5:54  Roach x2  
  55  6:01  Drone x5  
  60  6:21  Overlord x3  
  60  6:41  Hatchery  
  59  6:51  Baneling x3  
  59  6:52  Baneling x3  
  59  6:58  Drone  
  59  6:59  Drone x5  
  65  7:03  Glial Reconstitution  
  65  7:07  Zerg Melee Weapons Level 1  
  65  7:20  Drone  
  65  7:21  Drone x3  
  69  7:25  Drone  
  70  7:36  Drone x4  
  74  7:53  Drone  
  74  7:54  Drone x4  
  79  8:05  Spore Crawler  
  79  8:07  Spore Crawler  
  79  8:11  Hydralisk Den  
  79  8:12  Queen  
  78  8:21  Tunneling Claws  
  78  8:24  Drone x10  
  78  8:25  Drone x2  
  78  8:26  Overlord  
  89  8:45  Spine Crawler  
  89  8:46  Spine Crawler, Hatchery  
  89  8:47  Spine Crawler  
  85  8:48  Spine Crawler  
  84  8:57  Overlord x3  
  84  8:59  Roach x7  
  98  9:10  Extractor  
  98  9:11  Extractor  
  96  9:17  Grooved Spines  
  96  9:22  Hydralisk Den  
  95  9:25  Burrow  
  95  9:28  Zerg Missile Weapons Level 2  
  95  9:30  Zerg Ground Armor Level 1  
  95  9:38  Centrifical Hooks  
  95  9:42  Zergling x14  
  95  9:43  Metabolic Boost  
  102  10:02  Baneling  
  102  10:03  Baneling x11  
  102  10:20  Drone x6  
  108  10:23  Drone x2  
  110  10:29  Muscular Augments  
  110  10:37  Roach x5  
  110  10:38  Overlord  
  110  10:39  Overlord x3  
  120  10:56  Queen x2  
  125  10:58  Overseer  
  122  11:07  Overseer  
  119  11:22  Extractor  
  119  11:23  Extractor, Overseer x2  
  117  11:39  Roach x9  
  92  12:02  Hydralisk x15  
  122  12:33  Ravager x7  
  122  12:34  Ravager x5  
  78  13:15  Hydralisk x6  
  74  13:30  Roach x4  
  74  13:31  Spine Crawler x2  
  74  13:33  Spine Crawler x2  
  70  13:43  Hydralisk x4  
  74  13:56  Roach x3  
  74  13:58  Hydralisk x2  
  72  14:22  Drone x5  
  75  14:29  Spire  
  75  14:31  Zergling x2  
  69  14:45  Hatchery  
  69  14:49  Hydralisk  
  69  14:50  Hydralisk x3  
  76  15:00  Spine Crawler  
  76  15:01  Spine Crawler  
  74  15:19  Hydralisk x6  
  86  15:30  Spire  
  86  15:45  Mutalisk x6  
  98  15:59  Mutalisk x4  
  106  16:08  Lurker Den  
  96  16:22  Mutalisk x2  
  96  16:23  Mutalisk  
  88  16:31  Mutalisk  
  86  16:54  Hatchery  
  86  16:55  Hatchery  
  84  17:02  Drone x11  
  87  17:42  Lurker  
  87  17:43  Lurker x7  
  90  18:50  Hydralisk  
  90  18:51  Hydralisk x7  
  90  18:54  Zergling x14  
  113  19:35  Hatchery, Baneling x6  
  82  20:26  Zergling x12  
  84  20:45  Hatchery  
  75  21:47  Hatchery  
Tags
 
Add a new tag
Caveats
  • Supply blocks, unpowered buildings, or Contaminate may cause inaccurate times.
  • Supply counts are checked every 10 seconds.